 Dungeon Crawl Stone Soup version 0.26-a0-652-gafc20e3620 (webtiles) character file.

Game seed: 12648037389715440146

153 ringo67 the Cutter (level 5, -3/32 HPs)
             Began as a Kobold Gladiator on Oct 3, 2020.
             Was an Initiate of Wu Jian.
             Slain by an ogre
             ... wielding a +0 giant spiked club
              (25 damage)
             ... on level 4 of the Dungeon.
             The game lasted 00:06:11 (4419 turns).

ringo67 the Cutter (Kobold Gladiator)               Turns: 4419, Time: 00:06:12

Health: -3/32      AC:  6    Str: 12    XL:     5   Next: 61%
Magic:  5/5        EV: 15    Int:  9    God:    Wu Jian [......]
Gold:   123        SH:  0    Dex: 17    Spells: 4/4 levels left

rFire    . . .     SeeInvis .   a - +0 rapier
rCold    . . .     Faith    .   (shield restricted)
rNeg     . . .     Spirit   .   i - +0 ring mail
rPois    .         Reflect  .   c - +0 helmet
rElec    .         Harm     .   (no cloak)
rCorr    .         Rampage  .   (no gloves)
MR       .....                  (no boots)
Stlth    +++.......             (no amulet)
HPRegen  0.10/turn              (no ring)
MPRegen  0.09/turn              (no ring)

@: no status effects
A: small, nightstalker 3
a: Renounce Religion


You were on level 4 of the Dungeon.
You worshipped Wu Jian.
Wu Jian was noncommittal.
You visited 1 branch of the dungeon, and saw 4 of its levels.

You collected 123 gold pieces.

Inventory:

Hand Weapons
 a - a +0 rapier (weapon)
 r - a +0 short sword
Missiles
 d - a throwing net (quivered)
Armour
 b - a +0 leather armour
 c - a +0 helmet (worn)
 i - a +0 ring mail (worn)
 k - a +0 plate armour
Wands
 t - a wand of flame (7)
Scrolls
 e - 5 scrolls of identify {unknown}
 f - 2 scrolls of enchant weapon {unknown}
 g - 2 scrolls of remove curse {unknown}
 l - a scroll of enchant armour {unknown}
 o - a scroll of fog {unknown}
 p - a scroll of noise {unknown}
 q - a scroll of fear {unknown}
Potions
 h - 3 potions of haste {unknown}
 j - a potion of degeneration {unknown}
 m - a potion of resistance {unknown}
 n - 4 potions of curing {unknown}
 s - a potion of invisibility {unknown}


   Skills:
 + Level 3.4 Fighting
 + Level 5.1 Short Blades
 - Level 2.1 Throwing
 - Level 1.1 Armour
 + Level 4.7 Dodging
 + Level 2.2 Stealth


You had 4 spell levels left.
You didn't know any spells.
Your spell library was empty.

Dungeon Overview and Level Annotations

Branches:
Dungeon (4/15)
 Temple: D:4-7

Altars:
Cheibriados
Fedhas
Kikubaaqudgha
Wu Jian


Innate Abilities, Weirdness & Mutations

You are small and have problems with some larger weapons.
You are completely attuned to the shadows.


Message History

You climb downwards.
An ogre and a skeleton come into view.
Found 10 gold pieces and a mace.
There is a stone staircase leading up here.
The helpless ogre fails to defend itself.
You impale the ogre!!
The ogre is severely wounded.
You hit the ogre but do no damage.
The ogre is severely wounded.
The ogre hits you with a +0 giant spiked club!
You hit the ogre.
The ogre is severely wounded.
The ogre closely misses you.
You barely miss the ogre.
The ogre is severely wounded.
You hit the ogre but do no damage.
The ogre is severely wounded.
The ogre hits you with a +0 giant spiked club!!
Ouch! That really hurt!
You die...

......Z.
.......#
.......#
.......#
....<..#
...$.@O#
......##
.....##
##.#)#
#.#.


You could see an ogre.

Vanquished Creatures
  A jelly (D:2)
  Terence (D:3)
  3 adders
  3 worms
  2 dart slugs
  2 leopard geckos (D:2)
  5 goblins
  8 hobgoblins
  5 jackals
  2 quokkas (D:2)
  3 ball pythons
  4 bats
  5 frilled lizards
  4 kobolds
  6 rats
54 creatures vanquished.

Vanquished Creatures (others)
  4 plants (D:2)
  A withered plant (D:2)
5 creatures vanquished.

Grand Total: 59 creatures vanquished

Notes
Turn   | Place    | Note
-------+----------+-------------------------------------------
     0 | D:1      | ringo67 the Kobold Gladiator began the quest for the Orb.
     0 | D:1      | Reached XP level 1. HP: 12/12 MP: 1/1
   753 | D:1      | Reached XP level 2. HP: 18/18 MP: 2/2
  1623 | D:2      | Reached XP level 3. HP: 16/22 MP: 3/3
  1842 | D:2      | Reached skill level 1 in Armour
  2018 | D:2      | Found a snail-covered altar of Cheibriados.
  2097 | D:2      | HP: 1/22 [acid (7)]
  2673 | D:2      | Found an ornate altar of the Wu Jian Council.
  2678 | D:2      | Became a worshipper of the Wu Jian Council
  2731 | D:2      | Reached XP level 4. HP: 27/27 MP: 4/4
  2766 | D:2      | Found a blossoming altar of Fedhas.
  2772 | D:2      | Found an ancient bone altar of Kikubaaqudgha.
  2860 | D:2      | Reached skill level 1 in Stealth
  3699 | D:3      | Found a faded altar of an unknown god.
  3715 | D:3      | Reached XP level 5. HP: 32/32 MP: 5/5
  3819 | D:3      | Reached skill level 5 in Short Blades
  4126 | D:3      | Noticed Terence
  4131 | D:3      | Killed Terence
  4413 | D:4      | Noticed an ogre
  4419 | D:4      | Slain by an ogre

Illustrated notes

Levels and vault maps discovered:
D:1:      lemuel_arrival_room, layout_basic
D:2:      layout_basic, grunt_temple_overflow_growth_and_decay,
          old_standard_altar, nicolae_overflow_hidden_temple
D:3:      layout_loops_ring, chequers_ecumenical_altar_simple, uniq_terence
D:4:      layout_rooms, grunt_temple_overflow_open, uniq_grinder

Skill      XL: |  1  2  3  4  5 |
---------------+----------------+-----
Dodging        | 4 |  4.7
Armour         | 1 |  1.1
Fighting       | 3 |  3.4
Stealth        | 1 2 |  2.2
Short Blades   | 5 |  5.1
Throwing       | |  2.1

Action                   |  1- 3 |  4- 6 || total
-------------------------+-------+-------++-------
Melee: Rapier            |   107 |    81 ||   188
Throw: Throwing net      |     1 |     2 ||     3
Invok: Lunge             |     2 |     5 ||     7
 Stab: Sleeping          |     7 |     9 ||    16
       Distracted        |       |     1 ||     1
Armor: Leather armour    |     1 |       ||     1
       Ring mail         |    27 |    17 ||    44
Dodge: Dodged            |    88 |    54 ||   142

Table legend: (Time is in decaauts)
 A = Elapsed time spent in this place.
 B = Non-inter-level travel time spent in this place.
 C = Inter-level travel time spent in this place.
 D = Time resting spent in this place.
 E = Time spent auto-exploring this place.
 F = Levels seen in this place.
 G = Mean time per level.
                   A        B        C        D        E       F      G
               +--------+--------+--------+--------+--------+-----+--------+
         Total |   4412 |   4253 |    159 |   1183 |   2495 |   4 | 1103.0 |
       Dungeon |   4412 |   4253 |    159 |   1183 |   2495 |   4 | 1103.0 |
               +--------+--------+--------+--------+--------+-----+--------+

Top non-repeatable levels by time:
     D:2: 2301 daAuts
     D:1: 1348 daAuts
     D:3: 756 daAuts
     D:4: 5 daAuts
